 Dungeon Crawl Stone Soup version 0.31-a0-230-g09eb5fc4d3 (webtiles) character file.

Game seed: 809316030212351441

422 qw the Shooter (level 6, -1/38 HPs)
             Began as a Gargoyle Hexslinger on July 6, 2023.
             Killed from afar by Dowan (11 damage)
             ... with a puff of flame
             ... on level 4 of the Dungeon.
             The game lasted 00:01:06 (2414 turns).

qw the Shooter (Gargoyle Hexslinger)                Turns: 2414, Time: 00:01:06

Health: -1/38      AC:  9    Str: 17    XL:     6   Next: 95%
Magic:  7/7        EV: 11    Int: 14    God:
Gold:   238        SH:  0    Dex: 14    Spells: 6/7 levels left

rFire   . . .        Y - +2 sling (drain)
rCold   . . .        (no shield)
rNeg    + . .        k - +0 ring mail
rPois   inf          (no helmet)
rElec   +            (no cloak)
rCorr   .            (no gloves)
SInv    .            (no boots)
Will    .....        (no amulet)
Stlth   +            d - +6 ring of strength
HPRegen 0.26/turn    (no ring)
MPRegen 0.10/turn

%: no passive effects
@: no status effects
A: sickness immunity, AC +4, negative energy resistance 1, electricity
resistance, torment resistance 1, petrification resistance
a: no special abilities


You were on level 4 of the Dungeon.
You visited 1 branch of the dungeon, and saw 4 of its levels.
You also visited: Sewer.

You collected 238 gold pieces.


Innate Abilities, Weirdness & Mutations

You are immune to sickness and miasma.
Your stone body is resilient. (AC +4)
You are immune to poison.
You resist negative energy. (rN+)
You are resistant to electric shocks. (rElec)
You are resistant to unholy torment.
You are immune to petrification.


   Skills:
 - Level 4.0 Fighting
 + Level 6.0 Ranged Weapons
 - Level 1.0 Armour
 - Level 1.5 Dodging
 - Level 1.0 Spellcasting
 - Level 2.6 Hexes


You had 6 spell levels left.
You knew the following spells:

 Your Spells              Type           Power      Damage    Failure   Level
a - Slow                  Hex            32%        N/A       16%         1

Your spell library contained the following spells:

 Spells                   Type           Power      Damage    Failure   Level
 Inner Flame              Hex/Fire       4%         N/A       63%         3
 Portal Projectile        Hex/Tloc       8%         N/A       63%         3
 Cause Fear               Hex            4%         N/A       85%         4

Inventory:

Hand Weapons
 Y - a +2 sling of draining (weapon)
Armour
 k - a +0 ring mail (worn)
Jewellery
 d - a +6 ring of strength (left hand)
 e - a ring of ice
Scrolls
 a - 2 scrolls of teleportation
 b - a scroll of identify
Potions
 c - 2 potions of enlightenment
 f - a potion of resistance
 g - a potion of cancellation {unknown}
 h - a potion of brilliance
 j - a potion of heal wounds

Dungeon Overview and Level Annotations

Branches:
Dungeon (4/15)              Sewer (visited)
 Temple: D:4-7

Altars:
Uskayaw

Annotations:
D:4 Dowan, Duvessa


Message History

Duvessa hits you with a +0 short sword!
Dowan says, "Magic and the sword, together, will defeat you."
You shoot a sling bullet.
The sling bullet closely misses Duvessa.
Duvessa hits you but does no damage.
Dowan smirks and points a slender finger.
You shoot a sling bullet. The sling bullet barely misses Duvessa.
Duvessa hits you with a +0 short sword.
Dowan drinks a potion.
Dowan's spells are empowered!
You shoot a sling bullet. The sling bullet barely misses Duvessa.
Duvessa hits you with a +0 short sword.
Duvessa says, "I don't care about looks, I care about technique!"
Duvessa hits you with a +0 short sword.
You shoot a sling bullet. The sling bullet barely misses Duvessa.
Dowan smirks and points a slender finger.
Duvessa hits you with a +0 short sword.
You shoot a sling bullet. The sling bullet barely misses Duvessa.
Duvessa hits you but does no damage.
Dowan casts a spell.
Dowan blinks!
You shoot a sling bullet.
The sling bullet hits Duvessa but does no damage.
Duvessa is severely wounded.
Duvessa barely misses you.
You shoot a sling bullet. The sling bullet hits Duvessa!
Duvessa is almost dead.
Duvessa barely misses you.
You shoot a sling bullet. The sling bullet hits Duvessa.
Duvessa is almost dead.
Duvessa barely misses you. Duvessa hits you with a +0 short sword.
You shoot a sling bullet. The sling bullet hits Duvessa.
Duvessa is almost dead.
You shoot a sling bullet.
The sling bullet hits Duvessa but does no damage.
Duvessa is almost dead.
Duvessa says, "Did you see that move?
Perfect!"
Duvessa hits you with a +0 short sword. Dowan gestures at you while chanting.
The puff of flame hits you!
You die...

### #..
###############.#
########.........<......
..<..e.e.........#####.#
###@#.#.####.# #.#
##.#.## ##.#####.#
#.###.# #........#
##.#.## ##.##.##.#
#.#.#.# #.##<##.#
##.#.## ##.##.##.#
#.###.# #...#.##.#
##.#.## #.....:...
#.#.#.# #...#.....


You could see Duvessa (drained) and Dowan (empowered).

Vanquished Creatures
  Sigmund (D:3)
  A water moccasin (Sewer)
  5 adders
  2 river rats (D:3)
  3 worms
  A dart slug (D:1)
  9 orcs
  3 endoplasms
  3 giant cockroaches
  6 hobgoblins
  3 jackals (Sewer)
  4 quokkas
  3 ball pythons
  5 bats
  5 frilled lizards
  4 goblins
  A kobold (D:2)
  7 rats
66 creatures vanquished.

Notes
Turn   | Place    | Note
-------+----------+-------------------------------------------
     0 | D:1      | qw the Gargoyle Hexslinger began the quest for the Orb.
     0 | D:1      | Reached XP level 1. HP: 12/12 MP: 2/2
     0 | D:1      | 0 ||| qw: Version: 0.3-a-46-gb1f654a
     0 | D:1      | 0 ||| qw: Game counter: 1780
     0 | D:1      | 0 ||| qw: Melee chars always use a shield: true
     0 | D:1      | 0 ||| qw: God list: Okawaru
     0 | D:1      | 0 ||| qw: Allow faded altars: false
     0 | D:1      | 0 ||| qw: Do Orc after clearing Dungeon:15 true
     0 | D:1      | 0 ||| qw: Do second Lair branch before Depths: true
     0 | D:1      | 0 ||| qw: Lair rune preference: random
     0 | D:1      | 0 ||| qw: Goals: Normal
     0 | D:1      | 0 ||| PLANNING D:1-11
   152 | D:1      | Reached XP level 2. HP: 15/16 MP: 3/3
   348 | D:1      | Reached skill level 3 in Ranged Weapons
   752 | D:1      | 752 ||| UPGRADING to +0 ring mail.
   762 | D:1      | 762 ||| DROPPING +0 robe.
   763 | D:1      | 763 ||| UPGRADING to +6 ring of strength.
   764 | D:1      | 764 ||| READING 3 scrolls labelled TASAEPHE UCOIN.
   767 | D:1      | 767 ||| READING 2 scrolls labelled MOAMA KINUI.
   768 | D:1      | 768 ||| READING scroll labelled ZYMUMIU ESUETS.
   769 | D:1      | 769 ||| READING scroll labelled EWAENU WITOITH.
   770 | D:1      | 770 ||| DRINKING 2 bubbling white potions.
   771 | D:1      | 771 ||| DRINKING 2 golden potions.
   772 | D:1      | 772 ||| DROPPING scroll of poison.
   773 | D:1      | 773 ||| DROPPING scroll of fear.
   831 | D:2      | Reached XP level 3. HP: 21/21 MP: 4/4
  1234 | D:2      | 1234 ||| READING scroll labelled PUSCHO ZEBRA.
  1235 | D:2      | 1235 ||| READING scroll labelled YZXIET MEAGYMN.
  1258 | D:3      | 1258 ||| PLANNING SEWER
  1306 | D:3      | Reached XP level 4. HP: 26/26 MP: 5/5
  1331 | D:3      | Reached skill level 4 in Ranged Weapons
  1392 | D:3      | Reached skill level 1 in Armour
  1534 | D:3      | Noticed Sigmund
  1543 | D:3      | 1543 ||| READING 2 scrolls labelled MUVVYULIANY.
  1553 | D:3      | Killed Sigmund
  1554 | D:3      | Reached skill level 6 in Ranged Weapons
  1554 | D:3      | Reached XP level 5. HP: 12/30 MP: 6/6
  1554 | D:3      | Reached XP level 6. HP: 14/35 MP: 7/7
  1726 | D:3      | Found a hide-covered altar of Uskayaw.
  1835 | D:3      | Found a glowing drain.
  1862 | D:3      | 1862 ||| READING scroll labelled YQAAPPYMAS.
  1870 | Sewer    | Entered a sewer
  1928 | Sewer    | Noticed a water moccasin
  1937 | Sewer    | Killed a water moccasin
  1938 | Sewer    | Reached skill level 3 in Fighting
  2006 | Sewer    | 2006 ||| READING scroll labelled INUISK GAAWENIEWN.
  2007 | Sewer    | 2007 ||| DRINKING 2 orange potions.
  2022 | D:3      | 2022 ||| PLANNING D:1-11
  2395 | D:4      | Noticed Dowan
  2397 | D:4      | Noticed Duvessa
  2414 | D:4      | Killed from afar by Dowan

Levels and vault maps discovered:
D:1:      minmay_arrival_four_loops, layout_loops_ring
D:2:      layout_basic
D:3:      layout_rooms, lemuel_doored_altar, lightli_sewer_entry_pipes,
          uniq_sigmund
D:4:      layout_loops_ring, roderic_roman_lattice,
          nicolae_concentric_dashed_squares_wild, uniq_duvessa

Skill      XL: |  1  2  3  4  5  6 |
---------------+-------------------+-----
Ranged Weapons | 3 6 |  6.0
Fighting       | 2 4 |  4.0
Armour         | 1 |  1.0
Dodging        | |  1.5
Spellcasting   | |  1.0
Hexes          | |  2.6

Action                     |  1- 3 |  4- 6 || total
---------------------------+-------+-------++-------
   Fire: Sling             |   116 |   137 ||   253
    Use: Scroll            |     6 |     3 ||     9
         Potion            |     2 |     1 ||     3
 Armour: Robe              |    14 |       ||    14
         Ring mail         |    13 |    45 ||    58
  Dodge: Dodged            |    49 |    68 ||   117

Table legend:
 A = Non-vault XP
 B = Vault XP
 C = Vault XP percentage of total XP
 D = Non-vault monster count
 E = Vault monster count
 F = Vault count percentage of total count
                 A         B        C        D         E       F
            +---------+---------+-------+---------+---------+-------
      Total |     148 |     456 |  75.5 |      53 |      13 |  19.7
            +---------+---------+-------+---------+---------+-------
        D:1 |      30 |       0 |   0.0 |      19 |       0 |   0.0
        D:2 |      35 |       0 |   0.0 |      13 |       0 |   0.0
        D:3 |      50 |     299 |  85.7 |      17 |       9 |  34.6
        D:4 |      33 |       0 |   0.0 |       4 |       0 |   0.0
      Sewer |       0 |     157 | 100.0 |       0 |       4 | 100.0
            +---------+---------+-------+---------+---------+-------
